Map: Deathaura LE

Players

CholmesInk - Winner!

  • Race: Zerg Zerg
  • League: Diamond
  • Spawn Location: 11:00

Hamish

  • Race: Terran Terran
  • League: Diamond
  • Spawn Location: 5:00

VOD

Have the link to the VOD?

Description

Time

  • Played on: Jan. 21, 2021, 6:46 p.m.
  • Length: 8:21
Show
View Real Time Build Order
Export as new Build Order

CholmesInk Zerg - Winner!

Build Orders: Hatch First, Muta Ling Bane 

Get SALT Encoding   

  12  0:00  Drone  
  13  0:12  Overlord  
  13  0:20  Drone  
  14  0:30  Drone x2  
  14  0:34  Drone  
  17  0:51  Hatchery  
  17  0:55  Drone  
  17  0:58  Extractor  
  17  1:00  Drone  
  18  1:11  Drone  
  18  1:18  Spawning Pool  
  17  1:22  Drone  
  18  1:29  Drone  
  19  1:38  Overlord  
  19  1:50  Drone  
  20  2:00  Drone  
  21  2:04  Queen x2  
  21  2:05  Metabolic Boost  
  25  2:12  Zergling x4  
  27  2:18  Drone  
  28  2:28  Drone x2  
  30  2:34  Drone  
  31  2:39  Overlord  
  31  2:47  Drone x2  
  33  3:00  Baneling Nest  
  32  3:09  Drone x4  
  32  3:11  Hatchery  
  35  3:16  Queen x2  
  35  3:19  Overlord  
  39  3:29  Extractor  
  39  3:32  Drone x5  
  43  3:39  Drone x2  
  45  4:00  Lair  
  45  4:01  Drone x3  
  48  4:09  Overlord x2  
  48  4:10  Drone x3  
  48  4:14  Extractor  
  48  4:15  Extractor  
  49  4:23  Overlord  
  49  4:24  Overlord  
  49  4:28  Queen  
  51  4:31  Drone  
  51  4:32  Drone x5  
  57  4:42  Evolution Chamber  
  57  4:43  Evolution Chamber  
  55  4:50  Overlord  
  55  4:51  Overlord  
  55  4:54  Zergling x8  
  55  4:56  Baneling x4  
  59  5:00  Spire  
  59  5:03  Drone x2  
  60  5:15  Zergling x14  
  63  5:50  Zergling x2  
  63  5:51  Zergling x22  
  63  5:53  Zerg Melee Weapons Level 1  
  63  5:54  Centrifical Hooks, Zerg Ground Armor Level 1  
  75  5:57  Overlord x3  
  75  6:28  Spore Crawler  
  71  6:42  Mutalisk  
  71  6:43  Mutalisk x8  
  89  6:48  Spore Crawler  
  85  7:02  Overseer  
  85  7:06  Drone  
  85  7:07  Drone x13  
  88  7:21  Drone  
  88  7:22  Drone x9  
  93  7:43  Mutalisk x4  
  91  7:48  Drone x2, Extractor  
  91  7:49  Drone x4, Extractor  
  99  7:53  Spore Crawler  
  103  8:06  Spore Crawler  
Show
View Real Time Build Order
Export as new Build Order

Hamish Terran 

Build Orders:  

Get SALT Encoding   

  12  0:00  SCV  
  13  0:12  SCV  
  14  0:16  Supply Depot  
  14  0:24  SCV  
  15  0:38  SCV  
  15  0:40  Barracks  
  16  0:43  Refinery  
  16  0:54  SCV  
  17  1:06  SCV  
  18  1:19  SCV  
  19  1:31  Orbital Command  
  20  1:40  Command Center  
  20  1:46  Marine  
  20  1:48  Supply Depot  
  20  1:57  SCV  
  21  2:03  Factory  
  21  2:09  SCV  
  21  2:10  Marine  
  23  2:25  SCV  
  24  2:32  Barracks Reactor  
  24  2:37  SCV  
  25  2:48  Starport  
  25  2:49  Hellion, SCV  
  28  2:53  Refinery  
  28  2:58  Orbital Command  
  28  3:01  SCV  
  29  3:08  Marine x2  
  29  3:10  Factory Tech Lab  
  29  3:12  Widow Mine  
  32  3:14  SCV  
  32  3:19  Supply Depot  
  33  3:23  SCV  
  33  3:26  SCV  
  37  3:36  SCV  
  37  3:37  Marine x2  
  37  3:38  SCV  
  39  3:43  Medivac  
  39  3:47  Supply Depot  
  39  3:48  SCV  
  42  3:53  SCV  
  43  4:00  SCV  
  44  4:04  Barracks Tech Lab  
  44  4:05  SCV  
  44  4:09  Hellion x2  
  49  4:12  SCV  
  49  4:13  Command Center  
  50  4:17  SCV  
  53  4:29  SCV x2  
  55  4:32  Hellion x2  
  57  4:42  Barracks Tech Lab  
  57  4:43  SCV x2, Banshee, Cloaking Field  
  62  4:48  Refinery  
  62  4:49  Refinery  
  62  4:50  Engineering Bay  
  62  4:53  Engineering Bay  
  62  5:02  Supply Depot  
  62  5:13  Stimpack  
  62  5:23  SCV x2, Marine  
  62  5:24  Hellion x2  
  69  5:30  Orbital Command  
  69  5:35  SCV  
  69  5:42  Banshee  
  70  5:43  SCV  
  70  5:48  SCV, Terran Infantry Armor Level 1, Terran Infantry Weapons Level 1  
  75  5:51  Barracks  
  75  5:53  Barracks  
  75  5:54  Supply Depot  
  75  5:55  SCV, Supply Depot  
  76  5:57  Factory Reactor  
  76  6:00  SCV  
  77  6:07  SCV  
  54  6:40  Hellion x2  
  54  6:45  Barracks Reactor  
  58  6:47  SCV x2  
  58  6:49  Barracks  
  58  6:50  Barracks  
  60  6:56  Supply Depot  
  60  6:57  Supply Depot  
  60  6:59  SCV x2  
  61  7:15  Hellion x2  
  47  7:16  Marine  
  47  7:17  Supply Depot, Marine  
  42  7:24  Marine  
  42  7:25  Marine x2  
  42  7:27  Banshee  
  46  7:35  Marine, Reaper  
  48  7:42  Marine  
  48  7:47  SCV x2  
  48  7:51  Marine x2  
  52  7:53  Marine, Barracks Reactor x2  
  52  7:56  Missile Turret  
  53  8:00  Marine  
  52  8:07  Missile Turret x2  
Tags
 
Composition
Muta Ling Bane
Matchup
TvZ
Spawn Locations
Cross Positions
Add a new tag
Caveats
  • Supply blocks, unpowered buildings, or Contaminate may cause inaccurate times.
  • Supply counts are checked every 10 seconds.